 Dungeon Crawl Stone Soup version 0.22-a0-379-ga9d99d6 (webtiles) character file.

704 iamserjio the Magician (level 7, -1/41 HPs)
             Began as an Octopode Wizard on Apr 28, 2018.
             Slain by a gnoll
             ... wielding a +0 spear
              (2 damage)
             ... on level 5 of the Dungeon.
             The game lasted 00:16:58 (6653 turns).

iamserjio the Magician (Octopode Wizard)            Turns: 6653, Time: 00:16:59

Health: -1/41      AC:  1    Str:  6    XL:     7   Next: 67%
Magic:  1/15       EV: 13    Int: 23    God:
Gold:   175        SH:  0    Dex: 10    Spells: 6/17 levels left

rFire    . . .     SeeInvis .   u - +7 dagger of Insufficient Pleasure {drain, rElec rN+}
rCold    . . .     Gourm    .   (no shield)
rNeg     + . .     Faith    .   a - +0 hat
rPois    .         Spirit   .   (no amulet)
rElec    +         Reflect  .   (no ring)
rCorr    .         Harm     .   (no ring)
MR       .....                  (no ring)
Stlth    +++.......             (no ring)
HPRegen  0.13/turn              (no ring)
MPRegen  0.14/turn              (no ring)
                                (no ring)
                                (no ring)

@: no status effects
A: almost no armour, stealthy swim, amphibious, 8 rings, constrict 8, camouflage
1, gelatinous body 1
a: no special abilities


You were on level 5 of the Dungeon.
You were very hungry.

You visited 1 branch of the dungeon, and saw 5 of its levels.

You collected 175 gold pieces.

Inventory:

Hand Weapons
 f - a +0 short sword
 r - a +5 short sword
 u - the +7 dagger of Insufficient Pleasure (weapon) {drain, rElec rN+}
   (You found it on level 4 of the Dungeon)

   A truly terrible weapon, it drains the life of those it strikes.
   It insulates you from electricity.
   It protects you from negative energy.
 v - a +2 mace of protection
Armour
 a - a +0 hat (worn)
Jewellery
 g - an uncursed ring of protection from magic {unknown}
 l - an uncursed amulet of the acrobat {unknown}
 w - an uncursed amulet of faith {unknown}
 y - an uncursed ring of positive energy {unknown}
Wands
 s - a wand of paralysis (11)
Scrolls
 b - 8 scrolls of identify {unknown}
 e - 3 scrolls of remove curse {unknown}
 h - 2 scrolls of teleportation {unknown}
 i - a scroll of immolation {unknown}
 j - a scroll of random uselessness {unknown}
 k - 2 scrolls of blinking {unknown}
 n - 5 scrolls of amnesia {unknown}
 o - a scroll of noise {unknown}
 q - 2 scrolls of enchant armour {unknown}
Potions
 d - 2 potions of lignification {unknown}
 m - a potion of agility {unknown}
 p - a potion of heal wounds {unknown}
 t - a potion of cancellation {unknown}
 x - a potion of invisibility {unknown}
Comestibles
 c - 7 rations


   Skills:
 - Level 2.0 Dodging
 - Level 2.6 Stealth
 + Level 5.5 Spellcasting
 + Level 5.1 Conjurations
 - Level 1.0 Summonings
 - Level 1.0 Translocations
 + Level 3.5 Fire Magic


You had 6 spell levels left.
You knew the following spells:

 Your Spells              Type           Power        Failure   Level  Hunger
a - Magic Dart            Conj           ####         1%          1    None
b - Call Imp              Summ           ##......     9%          2    None
c - Conjure Flame         Conj/Fire      ####....     4%          3    ##.....
d - Mephitic Cloud        Conj/Pois/Air  ##......     13%         3    ##.....
e - Blink                 Tloc           N/A          9%          2    None


Dungeon Overview and Level Annotations

Branches:
Dungeon (5/15)
 Temple: D:4-7

Altars:
Cheibriados
Hepliaklqana
Qazlal
Yredelemnul


Innate Abilities, Weirdness & Mutations

You cannot wear most types of armour.
You are very stealthy in the water. (Stealth+)
You are amphibious.
You can wear up to eight rings at the same time.
You can use your tentacles to constrict eight enemies at once.
Your skin changes colour to match your surroundings (Stealth+).
Your rubbery body absorbs attacks. (AC +1, EV +1)


Message History

The magic dart hits the gnoll shaman.
The gnoll shaman is almost dead.
The gnoll misses you.
The gnoll shaman mumbles some strange prayers to its god.
The gnoll shaman is healed somewhat.
Casting: Magic Dart (safe; 1% risk of failure)
Confirm with . or Enter, or press ? or * to list all spells.
Aiming: Magic Dart (safe; 1% risk of failure)
Press: ? - help, Shift-Dir - straight line, f/p - gnoll shaman
Aim: a gnoll shaman, wielding a whip and wearing a leather armour (severely wounded)
The magic dart hits the gnoll shaman.
The gnoll shaman is severely wounded.
The gnoll hits you from afar with a spear.
* * * LOW HITPOINT WARNING * * *
The gnoll shaman utters an invocation to its god.
The gnoll shaman is healed somewhat.
The gnoll shaman prays to its god.
The gnoll shaman is healed somewhat.
The gnoll hits you from afar with a spear.
You die...

#.# #.#########.#
#.# #.# #.# #.# #.#
#.# ##.###.# #.#
.....>.# #.#
##.###.# #.# #.# #.#
#.# #.# #.# #.# #.#
#.# #@# #.# #.# #.#
#.#
#.#########g#######.
#.#
.#........g........
#.##
#.#######g########
......#.#######g#
...........gg...#
.....#.######### ...
#.


You could see a gnoll shaman and 3 gnolls.

Vanquished Creatures
  The ghost of VDreamerV the Insei, an amateur OpTm of the Shining One (D:5)
  A phantom (D:4)
  A scorpion (D:4)
  A centaur zombie (D:5)
  A bullfrog skeleton (D:4)
  An orc wizard (D:4)
  An iguana (D:3)
  3 worker ants (D:4)
  4 adders
  4 gnolls
  An ooze (D:3)
  An adder skeleton (D:4)
  An adder zombie (D:3)
  3 worms
  4 dart slugs
  6 leopard geckos
  8 orcs
  3 ball pythons
  6 giant cockroaches
  10 goblins
  11 hobgoblins
  8 jackals
  2 quokkas
  5 bats
  7 frilled lizards
  8 kobolds
  8 rats
110 creatures vanquished.

Vanquished Creatures (collateral kills)
  Robin (D:4)
  A gnoll (D:3)
  2 adders (D:2)
  A worm (D:2)
  A giant cockroach (D:2)
  5 hobgoblins
  A jackal (D:1)
  3 goblins
15 creatures vanquished.

Grand Total: 125 creatures vanquished

Notes
Turn   | Place    | Note
-------+----------+-------------------------------------------
     0 | D:1      | iamserjio the Octopode Wizard began the quest for the Orb.
     0 | D:1      | Reached XP level 1. HP: 11/11 MP: 4/4
   165 | D:1      | Reached XP level 2. HP: 10/17 MP: 0/6
   435 | D:1      | Learned a level 2 spell: Call Imp
   791 | D:1      | Reached XP level 3. HP: 18/21 MP: 4/7
  1805 | D:2      | Reached XP level 4. HP: 20/27 MP: 3/9
  2019 | D:2      | Found a hazy altar of Hepliaklqana.
  3083 | D:3      | Learned a level 3 spell: Conjure Flame
  3087 | D:3      | Learned a level 3 spell: Mephitic Cloud
  3090 | D:3      | Learned a level 2 spell: Blink
  3094 | D:3      | Reached XP level 5. HP: 31/31 MP: 8/11
  3323 | D:3      | Found a stormy altar of Qazlal.
  3323 | D:3      | Found a snail-covered altar of Cheibriados.
  3978 | D:3      | Reached skill level 1 in Fire Magic
  4540 | D:4      | Noticed Robin
  4546 | D:4      | Reached XP level 6. HP: 36/36 MP: 8/12
  4853 | D:4      | Killed Robin
  5226 | D:4      | Got a scorched dagger
  5413 | D:4      | Noticed a phantom
  5495 | D:4      | Killed a phantom
  5671 | D:4      | Identified the +7 dagger of Insufficient Pleasure {drain, rElec rN+} (You found it on level 4 of the Dungeon)
  5688 | D:4      | Reached skill level 5 in Spellcasting
  5955 | D:4      | Reached XP level 7. HP: 33/41 MP: 0/14
  6320 | D:5      | Entered Level 5 of the Dungeon
  6394 | D:5      | Noticed VDreamerV's ghost (amateur OpTm)
  6421 | D:5      | Killed VDreamerV's ghost
  6421 | D:5      | Reached skill level 5 in Conjurations
  6530 | D:5      | Found a basalt altar of Yredelemnul.
  6650 | D:5      | HP: 1/41 [gnoll/spear (5)]
  6653 | D:5      | Slain by a gnoll

Vault maps used:
D:1:      lightli_arrival_isolated_outpost
D:2:      nicolae_overflow_crystal_walls, minmay_ruptured
D:3:      grunt_temple_overflow_open
D:4:      first_ration, uniq_robin
D:5:      yredelemnul_altar_generic, minmay_temple_entry_butterflies,
          nemelex_spade_bored_becter

Skill      XL: |  1  2  3  4  5  6  7 |
---------------+----------------------+-----
Conjurations   | 2 3 4 5 |  5.1
Spellcasting   | 4 5 |  5.5
Fire Magic     | 1 2 3 |  3.5
Dodging        | |  2.0
Stealth        | |  2.6
Summonings     | |  1.0
Translocations | |  1.0

Action                   |  1- 3 |  4- 6 |  7- 9 || total
-------------------------+-------+-------+-------++-------
Melee: Unarmed           |     4 |       |       ||     4
       Constrict         |    14 |    23 |     1 ||    38
       Tentacles         |     8 |    12 |     1 ||    21
       Short sword       |    51 |   112 |       ||   163
       Dagger            |       |     4 |    10 ||    14
 Cast: Magic Dart        |    53 |   143 |    31 ||   227
       Call Imp          |     5 |    25 |       ||    30
       Conjure Flame     |       |     9 |     4 ||    13
       Mephitic Cloud    |       |     1 |       ||     1
Evoke: Wand              |       |     4 |       ||     4
 Stab: Sleeping          |     4 |     4 |       ||     8
  Eat: Chunk             |     2 |    14 |     1 ||    17
Armor: Skin              |     6 |    11 |       ||    17
Dodge: Dodged            |    41 |    86 |     8 ||   135

Table legend:
 A = Spawn XP
 B = Non-spawn XP
 C = Spawn XP percentage of total XP
 D = Spawn monster count
 E = Non-spawn monster count
 F = Spawn count percentage of total count
 G = Total turns spent on level
                    A         B        C        D         E        F      G
               +---------+---------+-------+---------+---------+-------+---------
         Total |       0 |    1007 |   0.0 |       0 |     125 |   0.0 |  6653
               +---------+---------+-------+---------+---------+-------+---------
           D:1 |       0 |      48 |   0.0 |       0 |      29 |   0.0 |  1133
           D:2 |       0 |     112 |   0.0 |       0 |      29 |   0.0 |  1927
           D:3 |       0 |     154 |   0.0 |       0 |      36 |   0.0 |  1712
           D:4 |       0 |     374 |   0.0 |       0 |      26 |   0.0 |  1548
           D:5 |       0 |     319 |   0.0 |       0 |       5 |   0.0 |   333
               +---------+---------+-------+---------+---------+-------+---------
